 Dungeon Crawl Stone Soup version 0.26-a0-540-g8a0c9464d7 (webtiles) character file.

Game seed: 5590138832604436773

7 Inarius the Firebug (level 1, 0/14 HPs)
             Began as a Mummy Wanderer on Aug 24, 2020.
             Slain by a kobold
             ... wielding a +0 short sword
              (2 damage)
             ... on level 1 of the Dungeon.
             The game lasted 00:00:37 (422 turns).

Inarius the Firebug (Mummy Wanderer)                 Turns: 422, Time: 00:00:38

Health: 0/14       AC:  2    Str: 17    XL:     1   Next: 91%
Magic:  1/1        EV: 11    Int: 12    God:
Gold:   11         SH:  0    Dex:  8    Spells: 0/0 levels left

rFire    x . .     SeeInvis .   a - +0 club
rCold    + . .     Faith    .   (no shield)
rNeg     + + +     Spirit   .   d - +0 robe
rPois    ∞         Reflect  .   (no helmet)
rElec    .         Harm     .   (no cloak)
rCorr    .                      (no gloves)
MR       .....                  (no boots)
Stlth    +.........             (no amulet)
HPRegen  0.04/turn              (no ring)
MPRegen  0.07/turn              (no ring)

@: no status effects
A: no potions, fire vulnerability, cold resistance 1, negative energy resistance
3, torment resistance, unbreathing
a: no special abilities


You were on level 1 of the Dungeon.
You visited 1 branch of the dungeon, and saw 1 of its levels.

You collected 11 gold pieces.

Inventory:

Hand Weapons
 a - a +0 club (weapon)
Armour
 d - a +0 robe (worn)
Scrolls
 b - a scroll of identify {unknown}
 c - a scroll of teleportation


   Skills:
 * Level 0.9 Fighting
   Level 1.0 Long Blades
 + Level 0.1 Maces & Flails
 - Level 1.0 Throwing
 + Level 1.3 Dodging
 - Level 1.0 Stealth
   Level 1.5 Summonings
   Level 2.4 Fire Magic
   Level 1.0 Evocations


You couldn't memorise any spells.
You didn't know any spells.
Your spell library contained the following spells:

 Spells                   Type           Power        Failure   Level
 Summon Small Mammal      Summ           #...         19%         1
 Call Imp                 Summ           #.......     26%         2
 Apportation              Tloc           #.....       32%         1
 Call Canine Familiar     Summ           #.......     47%         3
 Summon Guardian Golem    Hex/Summ       #.......     58%         3
 Lesser Beckoning         Tloc           #.........   69%         3
 Summon Ice Beast         Ice/Summ       #.......     94%         4
 Summon Lightning Spire   Summ/Air       #.......     94%         4


Dungeon Overview and Level Annotations

Branches:
Dungeon (1/15)

Altars:


Innate Abilities, Weirdness & Mutations

You do not drink.
Your flesh is vulnerable to fire.
You are immune to poison.
Your flesh is cold resistant. (rC+)
You are immune to negative energy. (rN+++)
You are immune to unholy pain and torment.
You can survive without breathing.


Message History

There is an open door here.
The bat barely misses you. The bat hits you but does no damage.
The bat barely misses you. The bat hits you but does no damage.
You hit the bat.
The bat is severely wounded.
The bat barely misses you. x2
You closely miss the bat.
The bat is severely wounded.
The bat hits you.
You barely miss the bat.
The bat is severely wounded.
The bat barely misses you. The bat hits you.
* * * LOW HITPOINT WARNING * * *
You hit the bat.
You kill the bat!
The kobold hits you with a +0 short sword.
* * * LOW HITPOINT WARNING * * *
You closely miss the kobold.
The kobold hits you with a +0 short sword.
You die...

#............. .............
#......... ## #.....$.# ##.
#.).....# #.. #.......# #..
###'########## #.. #K# #...# ##.
#@# #...# ##
###############.######(..#######
#...............#....'...'......
##.##############.####...#######
#.# #########'####...# #.#
#...........##...# #.#
#...........##...# #.#
#...........##...# #.#
#......(....##...#


You could see a kobold.

Vanquished Creatures
  A leopard gecko (D:1)
  2 bats (D:1)
  A goblin (D:1)
  2 frilled lizards (D:1)
6 creatures vanquished.

Notes
Turn   | Place    | Note
-------+----------+-------------------------------------------
     0 | D:1      | Inarius the Mummy Wanderer began the quest for the Orb.
     0 | D:1      | Inarius set off with the following items: a +0 club, a
                  | scroll of teleportation, a +0 robe; and the following
                  | spells available to memorise: Summon Small Mammal, Call
                  | Imp, Apportation, Call Canine Familiar, Summon Guardian
                  | Golem, Lesser Beckoning, Summon Ice Beast, Summon Lightning
                  | Spire
     0 | D:1      | Reached XP level 1. HP: 13/13 MP: 1/1
   422 | D:1      | Slain by a kobold

Illustrated notes

Levels and vault maps discovered:
D:1:      noname_arrival_rooms_in_the_neighbourhood, layout_basic

Action                   || total
-------------------------++-------
Melee: Club              ||    26
Armor: Robe              ||    17
Dodge: Dodged            ||    30

Table legend: (Time is in decaauts)
 A = Elapsed time spent in this place.
 B = Non-inter-level travel time spent in this place.
 C = Inter-level travel time spent in this place.
 D = Time resting spent in this place.
 E = Time spent auto-exploring this place.
 F = Levels seen in this place.
 G = Mean time per level.
                   A        B        C        D        E       F      G
               +--------+--------+--------+--------+--------+-----+--------+
         Total |    429 |    429 |      0 |    245 |    117 |   1 |  429.0 |
       Dungeon |    429 |    429 |      0 |    245 |    117 |   1 |  429.0 |
               +--------+--------+--------+--------+--------+-----+--------+

Top non-repeatable levels by time:
     D:1: 429 daAuts
